[Event "Titled Tuesday Blitz April 12 Early 2022"]
[White "Narayanan.S.L"]
[Black "Svane, Frederik"]
[WhiteFideId "5058422"]
[BlackFideId "12923044"]
[WhiteElo "2494"]
[BlackElo "2459"]
[Result "0-1"]
[Round "07"]
[TimeControl "180+1"]
[Date "2022.04.12"]
[WhiteClock "0:00:14"]
[BlackClock "0:01:20"]

1. b3 Nf6 2. Bb2 c5 3. Nf3 d6 4. c4 e5 5. Nc3 Nc6 6. d3 g6 7. g3 Bg7 8. Bg2 O-O 9. O-O Be6 10. Ng5 Bf5 11. Nge4 Nxe4 12. dxe4 Be6 13. e3 h5 14. Nb5 Qb6 15. Qxd6 Rad8 16. Qc7 Qa6 17. Rfd1 Rxd1+ 18. Rxd1 Rc8 19. Qd6 Qxa2 20. Bc3 Qxb3 21. Rc1 Rd8 22. Qxc5 Qd1+ 0-1


[Site "https://www.chess.com"]

[Event "Titled Tuesday Blitz April 12 Early 2022"]
[White "Obolenskikh, Dmitry"]
[Black "Maltsevskaya, Aleksandra"]
[WhiteFideId "4156013"]
[BlackFideId "24174041"]
[WhiteElo "2813"]
[BlackElo "2641"]
[Result "1-0"]
[Round "07"]
[TimeControl "180+1"]
[Date "2022.04.13"]
[WhiteClock "0:01:32"]
[BlackClock "0:00:04"]

1. e4 c5 2. Nf3 e6 3. d4 cxd4 4. Nxd4 Nc6 5. Nc3 Nf6 6. Ndb5 Bc5 7. Bf4 O-O 8. Bc7 Qe7 9. Bd6 Bxd6 10. Qxd6 Qd8 11. Nc7 Ne8 12. Nxe8 Rxe8 13. Bc4 a6 14. a4 b6 15. O-O Bb7 16. Rad1 Qf6 17. Bb3 Rad8 18. Qc7 Bc8 19. Qxb6 h5 20. f4 h4 21. Rd3 d5 22. Qxc6 dxe4 23. Qxe4 h3 24. Rxh3 Rd2 25. Rg3 g6 26. f5 1-0


[Site "https://www.chess.com"]

[Event "Titled Tuesday Blitz April 12 Early 2022"]
[White "Odegov, Artem"]
[Black "Roman, Rodrigo"]
[WhiteFideId "34183644"]
[BlackFideId "3701220"]
[WhiteElo "2286"]
[BlackElo "2001"]
[Result "0-1"]
[Round "07"]
[TimeControl "180+1"]
[Date "2022.04.13"]
[WhiteClock "0:00:02"]
[BlackClock "0:00:18"]

1. d4 Nf6 2. c4 e6 3. Nf3 b6 4. g3 Bb7 5. b3 d6 6. Bg2 Nbd7 7. O-O h5 8. Bb2 Ng4 9. Nbd2 g5 10. e4 h4 11. d5 e5 12. Nxh4 Nxh2 13. Nf5 Nxf1 14. Nxf1 Qf6 15. b4 a5 16. a3 Bc8 17. N1e3 Be7 18. c5 bxc5 19. b5 Nb6 20. a4 Qg6 21. Ra3 g4 22. Ra1 Bg5 23. Qe2 Bxe3 24. Nxe3 Ke7 25. Rc1 Bd7 26. Qc2 f6 27. Ba3 Nc8 28. Qd2 Nb6 29. Qc2 Rhc8 30. Kf1 Rab8 31. Ke2 Nxa4 32. Rh1 Bxb5+ 33. Ke1 Rh8 34. Nf5+ Kf7 35. Rg1 Rh2 36. Bf1 Bxf1 37. Qxa4 Rb1+ 38. Kd2 Rxf2+ 39. Kc3 Bb5 40. Qxa5 Rf3+ 41. Kd2 Rxg1 42. Qxc7+ Kg8 43. Qc8+ Qe8 44. Ne7+ Kh7 45. Qf5+ Rxf5 46. Nxf5 Rg2+ 47. Ke3 Qa8 48. Bxc5 Qa2 49. Bb4 Qe2# 0-1


[Site "https://www.chess.com"]

[Event "Titled Tuesday Blitz April 12 Early 2022"]
[White "Onslow, Alfie"]
[Black "Kadam, Om Manish"]
[WhiteFideId "436976"]
[BlackFideId "45076294"]
[WhiteElo "1884"]
[BlackElo "1729"]
[Result "1-0"]
[Round "07"]
[TimeControl "180+1"]
[Date "2022.04.13"]
[WhiteClock "0:01:46"]
[BlackClock "0:01:54"]

1. Nf3 Nf6 2. c4 g6 3. b3 Bg7 4. Bb2 O-O 5. d4 c6 6. g3 d5 7. Bg2 b6 8. O-O Bb7 9. Ne5 Nbd7 10. Nd2 e6 11. Ndf3 Nxe5 12. Nxe5 Nd7 13. Rc1 Nxe5 14. dxe5 Qd7 15. f4 Rfd8 16. e3 Rac8 17. Qd2 a5 18. Rfd1 Bf8 19. h4 Qe8 20. Qe2 Ba6 21. h5 dxc4 22. bxc4 Qe7 23. Rxd8 Rxd8 24. Bxc6 Qb4 25. Bc3 Qb5 26. cxb5 1-0


[Site "https://www.chess.com"]

[Event "Titled Tuesday Blitz April 12 Early 2022"]
[White "Ovezdurdyyeva, Jemal"]
[Black "Omariev, Maksim"]
[WhiteFideId "14001888"]
[BlackFideId "4193423"]
[WhiteElo "1946"]
[BlackElo "2482"]
[Result "0-1"]
[Round "07"]
[TimeControl "180+1"]
[Date "2022.04.13"]
[WhiteClock "0:00:10"]
[BlackClock "0:00:45"]

1. e4 h5 2. d4 h4 3. c4 c6 4. Nc3 d6 5. h3 e5 6. Nf3 Nd7 7. Be3 Be7 8. Qd2 Ngf6 9. O-O-O Qa5 10. Bg5 Ng8 11. Bxe7 Nxe7 12. Qg5 g6 13. Nxh4 a6 14. Nf3 b5 15. dxe5 dxe5 16. Nxe5 Rh5 17. Nxc6 Qxc3+ 18. bxc3 Rxg5 19. f4 Rc5 20. Nxe7 Kxe7 21. cxb5 axb5 22. Kb2 Nb6 23. c4 Be6 24. f5 gxf5 25. exf5 Rxf5 26. cxb5 Rxa2+ 27. Kc3 Nd5+ 28. Kd4 Rf4+ 29. Kc5 Rc2+ 30. Bc4 Rfxc4# 0-1


[Site "https://www.chess.com"]

[Event "Titled Tuesday Blitz April 12 Early 2022"]
[White "Pajeken, Jakob Leon"]
[Black "Hess, Robert"]
[WhiteFideId "12942839"]
[BlackFideId "2022036"]
[WhiteElo "2351"]
[BlackElo "2557"]
[Result "1/2-1/2"]
[Round "07"]
[TimeControl "180+1"]
[Date "2022.04.12"]
[WhiteClock "0:00:32"]
[BlackClock "0:00:12"]

1. Nf3 g6 2. e4 Bg7 3. g3 d6 4. Bg2 e6 5. O-O Ne7 6. d4 h6 7. c4 Nd7 8. Nc3 b6 9. e5 Bb7 10. exd6 cxd6 11. Nb5 Nf6 12. d5 e5 13. Be3 O-O 14. Bh3 a6 15. Nc3 b5 16. cxb5 axb5 17. Nxb5 Nexd5 18. Bg2 Nxe3 19. fxe3 Qb6 20. Qe2 Ba6 21. a4 Ng4 22. Nd2 Nxe3 23. Qf2 Bxb5 24. axb5 Rxa1 25. Rxa1 Rb8 26. Ra3 Nxg2 27. Qxb6 Rxb6 28. Kxg2 Rxb5 29. Nc4 d5 30. Ra5 Rb4 31. Nd6 Rxb2+ 32. Kh3 d4 33. Ra8+ Bf8 34. Re8 Rb6 35. Ne4 Re6 36. Rd8 f5 37. Nc5 Re7 38. Nd7 Rxd7 39. Rxd7 Bg7 40. g4 e4 41. gxf5 gxf5 42. Kg3 Be5+ 43. Kh4 d3 44. Kh5 Kf8 45. Kg6 Ke8 46. Rd5 Bxh2 47. Kxf5 e3 48. Rxd3 Bg1 49. Rd1 Bf2 50. Ke4 Kf7 51. Kf3 Kg6 52. Rf1 h5 53. Rxf2 exf2 54. Kxf2 Kg5 55. Kg2 h4 56. Kh1 Kh5 57. Kh2 Kg4 58. Kh1 h3 59. Kh2 Kh4 60. Kh1 Kg3 61. Kg1 h2+ 62. Kh1 Kf2 63. Kxh2 1/2-1/2


[Site "https://www.chess.com"]

[Event "Titled Tuesday Blitz April 12 Early 2022"]
[White "Pakleza, Zbigniew"]
[Black "Lazavik, Denis"]
[WhiteFideId "1119290"]
[BlackFideId "13515110"]
[WhiteElo "2467"]
[BlackElo "2437"]
[Result "0-1"]
[Round "07"]
[TimeControl "180+1"]
[Date "2022.04.12"]
[WhiteClock "0:00:04"]
[BlackClock "0:00:23"]

1. Nf3 d5 2. c4 e6 3. g3 Nf6 4. Bg2 dxc4 5. Qa4+ Bd7 6. Qxc4 c5 7. Ne5 Qc8 8. O-O Nc6 9. Nxd7 Qxd7 10. d3 Be7 11. Nc3 O-O 12. Ne4 Nxe4 13. Qxe4 Rac8 14. Rd1 Rfd8 15. Bd2 b6 16. Bc3 Nd4 17. Kf1 f5 18. Qe3 Nc2 19. Qf3 Nxa1 20. Rxa1 Rf8 21. a4 Bf6 22. a5 b5 23. a6 Bxc3 24. bxc3 Rc7 25. Qf4 Rb8 26. Bb7 Rbxb7 27. axb7 Rxb7 28. Qe5 Qd5 29. Qxd5 exd5 30. Ke1 b4 31. Kd2 b3 32. Rb1 a5 33. Kc1 a4 34. Kb2 Re7 35. e3 d4 36. Re1 dxe3 37. fxe3 Kf7 38. Ka3 Ra7 39. e4 fxe4 40. Rxe4 Rb7 41. Re1 Ra7 42. Re5 Kf6 43. Re4 g5 44. h4 h6 45. h5 Rb7 46. Re1 Rd7 47. Rd1 c4 48. d4 Ra7 49. Re1 Kf5 50. Re2 Kg4 51. Re6 Rb7 52. Re1 Kxg3 53. d5 g4 54. d6 Rd7 55. Re6 Kh2 56. Rxh6 g3 57. Rg6 g2 58. h6 g1=Q 59. Rxg1 Kxg1 0-1


[Site "https://www.chess.com"]

[Event "Titled Tuesday Blitz April 12 Early 2022"]
[White "Papp, Levente"]
[Black "Lach, Aleksandra"]
[WhiteFideId "751243"]
[BlackFideId "1134299"]
[WhiteElo "2308"]
[BlackElo "2172"]
[Result "0-1"]
[Round "07"]
[TimeControl "180+1"]
[Date "2022.04.13"]
[WhiteClock "0:00:03"]
[BlackClock "0:00:15"]

1. c4 f5 2. d4 Nf6 3. Nf3 g6 4. g3 Bg7 5. Bg2 O-O 6. O-O d6 7. b3 c6 8. Bb2 Qc7 9. d5 e5 10. dxe6 Bxe6 11. Qc2 Na6 12. Rd1 Rad8 13. Nc3 h6 14. a3 Qf7 15. Nd4 Nc5 16. Nxe6 Nxe6 17. e3 Nc5 18. b4 Nce4 19. Ne2 Ng4 20. Rf1 Bxb2 21. Qxb2 Ne5 22. Rfd1 Nxc4 23. Qc2 Ne5 24. h4 d5 25. Nd4 g5 26. hxg5 hxg5 27. Bf3 Nxf3+ 28. Nxf3 f4 29. exf4 gxf4 30. g4 Qg7 31. Kh2 Rd6 32. Ng1 Qxg4 33. Nh3 Rh6 34. Qd3 f3 35. Rg1 Rxh3# 0-1


[Site "https://www.chess.com"]

[Event "Titled Tuesday Blitz April 12 Early 2022"]
[White "Pesotskiy, Mikhail"]
[Black "Papadiamandis, Elliot"]
[WhiteFideId "34164453"]
[BlackFideId "36074160"]
[WhiteElo "2010"]
[BlackElo "2088"]
[Result "1/2-1/2"]
[Round "07"]
[TimeControl "180+1"]
[Date "2022.04.13"]
[WhiteClock "0:02:39"]
[BlackClock "0:01:59"]

1. d4 Nf6 2. c4 e6 3. Nc3 Bb4 4. Qc2 d5 5. a3 Bxc3+ 6. Qxc3 O-O 7. Bg5 h6 8. Bxf6 Qxf6 9. Nf3 Nc6 10. e3 Qg6 11. h3 Rd8 12. Nh4 Qf6 13. Nf3 Qg6 14. Nh4 Qe4 15. Nf3 Qg6 1/2-1/2


[Site "https://www.chess.com"]

[Event "Titled Tuesday Blitz April 12 Early 2022"]
[White "Pinheiro, Iung Alicio de O."]
[Black "Gallegos Diaz, Carlos Alberto"]
[WhiteFideId "2104350"]
[BlackFideId "3900886"]
[WhiteElo "2588"]
[BlackElo "2362"]
[Result "0-1"]
[Round "07"]
[TimeControl "180+1"]
[Date "2022.04.13"]
[WhiteClock "0:00:03"]
[BlackClock "0:00:22"]

1. c4 d6 2. g3 Nf6 3. Bg2 e5 4. Nc3 Be7 5. e4 O-O 6. Nge2 Re8 7. O-O c6 8. d3 Nbd7 9. f4 a6 10. h3 b5 11. g4 b4 12. Na4 Bb7 13. f5 d5 14. Ng3 Nc5 15. g5 Nfd7 16. Nxc5 Bxc5+ 17. Kh1 g6 18. h4 Nb6 19. Qf3 Qd7 20. h5 dxc4 21. dxc4 Rf8 22. b3 Bd4 23. Rb1 c5 24. Bh3 Nc8 25. Kg2 Qc7 26. hxg6 fxg6 27. f6 Nd6 28. Be6+ Rf7 29. Rh1 a5 30. Bd2 a4 31. Bxf7+ Qxf7 32. Rhe1 axb3 33. axb3 Ra2 34. Re2 Bc6 35. Be1 Qb7 36. Rxa2 Nxe4 37. Ra7 Qxa7 38. Nxe4 Qa2+ 39. Kg3 Qxb1 40. f7+ Kf8 41. Qf6 Qxe4 0-1


[Site "https://www.chess.com"]

[Event "Titled Tuesday Blitz April 12 Early 2022"]
[White "Przybylski, Wojciech"]
[Black "Uzuner, Tufan Can"]
[WhiteFideId "1117599"]
[BlackFideId "6300499"]
[WhiteElo "2133"]
[BlackElo "2135"]
[Result "0-1"]
[Round "07"]
[TimeControl "180+1"]
[Date "2022.04.13"]
[WhiteClock "0:00:03"]
[BlackClock "0:00:22"]

1. d4 Nf6 2. c4 e6 3. Bg5 h6 4. Bd2 d5 5. e3 c5 6. cxd5 cxd4 7. exd4 Nxd5 8. Nf3 Nc6 9. Nc3 Be7 10. Bd3 Bf6 11. O-O a6 12. Re1 O-O 13. Re4 b5 14. Rc1 Bb7 15. Rg4 h5 16. Rg3 Nxd4 17. Nxd4 Bxd4 18. Qxh5 f5 19. Ne2 Bxb2 20. Rd1 Qe8 21. Qh3 Qf7 22. Nf4 Nxf4 23. Bxf4 Rfd8 24. Rb1 Bf6 25. Bc2 Rac8 26. Bb3 Bd5 27. Rd3 Bxb3 28. axb3 Rxd3 29. Qxd3 Rd8 30. Qe2 Qd7 31. h3 Kf7 32. Kh2 Qd3 33. Qa2 Rd7 34. Be3 Be5+ 35. g3 f4 36. gxf4 Bf6 37. Rg1 Qf5 38. Qb2 Bxb2 0-1


[Site "https://www.chess.com"]

[Event "Titled Tuesday Blitz April 12 Early 2022"]
[White "Raahul V S"]
[Black "Atakhan, Abtin"]
[WhiteFideId "25035525"]
[BlackFideId "22502203"]
[WhiteElo "2408"]
[BlackElo "2738"]
[Result "0-1"]
[Round "07"]
[TimeControl "180+1"]
[Date "2022.04.13"]
[WhiteClock "0:01:05"]
[BlackClock "0:01:06"]

1. c4 Nf6 2. Nc3 c5 3. Nf3 Nc6 4. d4 cxd4 5. Nxd4 e6 6. a3 Bc5 7. Nb3 Bb6 8. e4 O-O 9. Be2 Bc7 10. O-O b6 11. f4 d6 12. Bf3 Bb7 13. Be3 Rc8 14. Rc1 Qe7 15. Qe2 Bb8 16. Rfd1 Rfd8 17. g4 Nd7 18. Nd2 Nf8 19. Qf2 Na5 20. Nb5 Ba6 21. b4 Nxc4 22. Nxa7 Bxa7 23. Be2 Nxe3 24. Qxe3 b5 0-1


[Site "https://www.chess.com"]

[Event "Titled Tuesday Blitz April 12 Early 2022"]
[White "Rudykh, Stepan"]
[Black "Lewtak, Damian"]
[WhiteFideId "4180321"]
[BlackFideId "1141724"]
[WhiteElo "2175"]
[BlackElo "2362"]
[Result "0-1"]
[Round "07"]
[TimeControl "180+1"]
[Date "2022.04.13"]
[WhiteClock "0:01:28"]
[BlackClock "0:02:39"]

1. e4 c5 2. Nf3 d6 3. d4 cxd4 4. Nxd4 Nf6 5. Nc3 Nc6 6. Bg5 e6 7. Qd2 a6 8. O-O-O Bd7 9. f4 b5 10. Nxc6 Bxc6 11. e5 dxe5 12. Qxd8+ Rxd8 13. Rxd8+ Kxd8 14. fxe5 h6 15. Bh4 g5 16. Bg3 Nd7 17. h4 Bg7 18. Rh2 Nxe5 19. Be2 Ke7 20. hxg5 hxg5 21. Rxh8 Bxh8 22. Bxe5 Bxe5 23. Bf3 Bxf3 24. gxf3 Bxc3 25. bxc3 Kd6 0-1


[Site "https://www.chess.com"]

[Event "Titled Tuesday Blitz April 12 Early 2022"]
[White "Rustemov, Alexander"]
[Black "Ianov, Viktor"]
[WhiteFideId "4119002"]
[BlackFideId "14102730"]
[WhiteElo "2804"]
[BlackElo "2161"]
[Result "1-0"]
[Round "07"]
[TimeControl "180+1"]
[Date "2022.04.13"]
[WhiteClock "0:01:00"]
[BlackClock "0:00:54"]

1. d4 d6 2. e4 Nf6 3. f3 e5 4. Ne2 Be7 5. c4 O-O 6. Nbc3 c6 7. Be3 a6 8. d5 cxd5 9. cxd5 b5 10. Qd2 Nbd7 11. b4 Nb6 12. Nc1 Bb7 13. Nb3 Nfd7 14. Na5 Qb8 15. a4 bxa4 16. Nxa4 Nxa4 17. Rxa4 Rc8 18. Bd3 Bd8 19. O-O Bb6 20. Bxb6 Nxb6 21. Ra2 Qa7 22. Qf2 Nd7 23. Qxa7 Rxa7 24. Nxb7 Rxb7 25. Bxa6 Ra8 26. Bxb7 Rxa2 27. Rc1 Rb2 28. Rc8+ Nf8 29. Rd8 Rxb4 30. Bc6 h5 31. Rxd6 Ng6 32. g3 Rb2 33. Rd8+ Kh7 34. d6 Rb6 35. Bd5 f6 36. h4 Kh6 37. Be6 Kh7 38. Bf5 Kh6 39. d7 Rd6 40. Re8 1-0


[Site "https://www.chess.com"]

[Event "Titled Tuesday Blitz April 12 Early 2022"]
[White "Sadilek, Peter"]
[Black "Mickiewicz, Piotr"]
[WhiteFideId "1616439"]
[BlackFideId "1114891"]
[WhiteElo "2145"]
[BlackElo "2266"]
[Result "0-1"]
[Round "07"]
[TimeControl "180+1"]
[Date "2022.04.13"]
[WhiteClock "0:00:54"]
[BlackClock "0:00:43"]

1. Nf3 Nf6 2. c4 g6 3. Nc3 Bg7 4. e4 O-O 5. d4 d6 6. Be2 e5 7. d5 a5 8. Bg5 h6 9. Bh4 Na6 10. Nd2 Qe8 11. O-O Nh7 12. a3 Bd7 13. b4 axb4 14. axb4 Nxb4 15. Qb3 Na6 16. Qxb7 Qc8 17. Qxc8 Rfxc8 18. f3 h5 19. Bf2 Bh6 20. Nb3 Nb4 21. c5 Nc2 22. Rxa8 Rxa8 23. c6 Bc8 24. Rc1 Bxc1 25. Nxc1 Ra1 26. Na2 Nb4 27. Nxb4 Rxc1+ 28. Bf1 Rb1 29. Nc2 Ba6 30. Ne1 Bxf1 31. Kxf1 Nf6 32. Ba7 Ne8 33. Kf2 Rb2+ 34. Kg3 Ra2 35. Bf2 f5 36. exf5 gxf5 37. Nd3 f4+ 38. Kh4 Rd2 39. Nxe5 dxe5 40. Bc5 Rxg2 41. Kxh5 Kf7 42. h4 Rg3 43. d6 Nf6+ 44. Kh6 Rg6# 0-1


[Site "https://www.chess.com"]

[Event "Titled Tuesday Blitz April 12 Early 2022"]
[White "Sahil, Tickoo"]
[Black "Iskusnyh, Sergei"]
[WhiteFideId "5019710"]
[BlackFideId "4120027"]
[WhiteElo "2099"]
[BlackElo "2492"]
[Result "0-1"]
[Round "07"]
[TimeControl "180+1"]
[Date "2022.04.13"]
[WhiteClock "0:00:02"]
[BlackClock "0:00:37"]

1. d4 d5 2. Bf4 Nf6 3. e3 c5 4. c3 Nc6 5. Nd2 cxd4 6. exd4 Bg4 7. Ngf3 e6 8. Bd3 Bd6 9. Bg3 O-O 10. O-O Bxg3 11. hxg3 Rb8 12. a4 Qc7 13. Re1 Rfe8 14. Qb3 Bh5 15. Ne5 Nxe5 16. Rxe5 Bg6 17. Bxg6 hxg6 18. Ree1 a6 19. a5 Rec8 20. Nf3 Ne4 21. Ne5 Nd6 22. g4 b6 23. axb6 Rxb6 24. Qa2 Rcb8 25. Re2 Qb7 26. f3 g5 27. b4 Qc7 28. Re3 Nb5 29. Qb2 Rc8 30. Rc1 Nxd4 31. Nd3 Nb5 32. Nc5 Nd6 33. Rd3 Qxc5+ 34. bxc5 Rxb2 35. cxd6 Rd8 36. c4 Rxd6 0-1


[Site "https://www.chess.com"]

[Event "Titled Tuesday Blitz April 12 Early 2022"]
[White "Sarana, Alexey"]
[Black "Bortnyk, Olexandr"]
[WhiteFideId "24133795"]
[BlackFideId "14120828"]
[WhiteElo "2666"]
[BlackElo "2723"]
[Result "1/2-1/2"]
[Round "07"]
[TimeControl "180+1"]
[Date "2022.04.12"]
[WhiteClock "0:00:07"]
[BlackClock "0:00:02"]

1. d4 d6 2. e4 Nf6 3. Nc3 Nbd7 4. Nf3 e5 5. Bc4 Be7 6. O-O c6 7. a4 h6 8. Re1 Qc7 9. h3 g5 10. d5 Nf8 11. Nh2 Ng6 12. Nf1 g4 13. hxg4 Bxg4 14. f3 Bd7 15. Ng3 Nh4 16. dxc6 bxc6 17. Be3 Rg8 18. Nce2 Bh3 19. gxh3 Qd7 20. Kh2 Nxf3+ 21. Kg2 Nh4+ 22. Kh2 Nf3+ 23. Kg2 Nxe1+ 24. Qxe1 Nxe4 25. Bd3 Nxg3 26. Nxg3 f5 27. Kh2 f4 28. Bxf4 exf4 29. Nf5 Rg5 30. Qe4 Kf8 31. Rf1 Bf6 32. Nd4 Be5 33. Nf3 Rg3 34. Ng1 Qf7 35. Ne2 Re3 36. Qxc6 Rb8 37. Ng1 Rxb2 38. Kh1 Rb6 39. Qc8+ Kg7 40. Qg4+ Kf8 41. Nf3 d5 42. Nh4 Rf6 43. Qc8+ Qe8 44. Qg4 Kf7 45. Rg1 Ke7 46. Nf5+ Rxf5 47. Qxf5 Qd7 48. Qh7+ Kd6 49. Rg6+ Kc7 50. Rxh6 Re1+ 51. Kg2 Qxh7 52. Rxh7+ Kb6 53. Rh6+ Kc5 54. Kf2 Re3 55. h4 Bd4 56. Kf1 Rh3 57. Kg2 Rg3+ 58. Kh2 Be5 59. Re6 Kd4 60. h5 Rg5 61. h6 f3+ 62. Kh3 f2 63. h7 Rh5+ 64. Kg2 Rh2+ 65. Kf1 a5 66. Bg6 Bg3 67. Ke2 Rh1 68. Rf6 Re1+ 69. Kd2 Rh1 70. c3+ Ke5 71. Rf3 Ke6 72. Ke2 Re1+ 73. Kd2 Rh1 74. Bd3 Rh2 75. Kd1 Be5 76. Re3 Kd6 77. Ke2 Bxc3 78. Rf3 Bd4 79. Rf4 Kc5 80. Rf5 Rh1 81. Kd2 Kb4 82. Rxd5 Bc3+ 83. Kc2 f1=Q 84. Rb5+ Kxa4 85. Bxf1 Rxf1 86. Kxc3 Rh1 87. Rb7 Rh3+ 88. Kc2 Rh4 89. Rd7 Kb5 90. Kc3 Rh3+ 91. Kc2 a4 92. Rd5+ Kc4 93. Rd7 Rh2+ 94. Kb1 Kb3 95. Rb7+ Ka3 96. Kc1 Rh1+ 97. Kc2 Ka2 98. Rb2+ Ka3 99. Rb7 Rh3 100. Kc1 Ka2 101. Rb2+ Ka3 102. Rb7 Rh6 103. Kb1 Rh1+ 104. Kc2 1/2-1/2


[Site "https://www.chess.com"]

[Event "Titled Tuesday Blitz April 12 Early 2022"]
[White "Secheres, Adrian-Simion"]
[Black "Garv Gaur"]
[WhiteFideId "1217445"]
[BlackFideId "45030839"]
[WhiteElo "2277"]
[BlackElo "1950"]
[Result "1-0"]
[Round "07"]
[TimeControl "180+1"]
[Date "2022.04.12"]
[WhiteClock "0:01:30"]
[BlackClock "0:00:53"]

1. d4 d5 2. c4 e6 3. Nc3 Nf6 4. Nf3 Be7 5. Bf4 O-O 6. e3 c5 7. dxc5 Bxc5 8. Qc2 Nc6 9. a3 dxc4 10. Rd1 Qe7 11. Bxc4 h6 12. b4 Bb6 13. Bd6 Qe8 14. Bxf8 Qxf8 15. O-O e5 16. Nb5 Bg4 17. Nd6 Qe7 18. Nxf7 Be6 19. N7xe5 Rc8 20. Bxe6+ Qxe6 21. Qc4 Qxc4 22. Nxc4 Bc7 23. Nd6 Rb8 24. b5 Ne7 25. Rd3 Ned5 26. Nf5 Re8 27. h4 g6 28. Nxh6+ Kg7 29. Ng4 Nxg4 30. Rxd5 1-0


[Site "https://www.chess.com"]

[Event "Titled Tuesday Blitz April 12 Early 2022"]
[White "Seo, Jung Min"]
[Black "Reprintsev, Alexander"]
[WhiteFideId "1734687"]
[BlackFideId "14100541"]
[WhiteElo "2705"]
[BlackElo "2554"]
[Result "1-0"]
[Round "07"]
[TimeControl "180+1"]
[Date "2022.04.13"]
[WhiteClock "0:00:07"]
[BlackClock "0:00:03"]

1. d4 d5 2. c4 e5 3. dxe5 d4 4. Nf3 Nc6 5. a3 g6 6. e3 Bg4 7. Be2 Bxf3 8. Bxf3 Nge7 9. O-O Bg7 10. exd4 Qxd4 11. Qxd4 Nxd4 12. Bxb7 Ne2+ 13. Kh1 Rb8 14. Be4 Nxc1 15. Rxc1 Bxe5 16. Nd2 O-O 17. Ra2 Bxb2 18. Rc2 Bd4 19. g3 Bxf2 20. Nf3 Bc5 21. Ne5 Rfd8 22. Nd3 Bd4 23. Nb4 c5 24. Nd5 Re8 25. Re2 Nf5 26. Bxf5 gxf5 27. Ne7+ Kf8 28. Nxf5 Rb1+ 29. Kg2 Rg1+ 30. Kh3 Rc1 31. Rxe8+ Kxe8 32. Rd2 Bg1 33. Kg2 a5 34. a4 f6 35. Rd5 Kf7 36. g4 Kg6 37. h4 h5 38. gxh5+ Kxh5 39. Kh3 Rc3+ 40. Ng3+ Kh6 41. Kg2 Rc1 42. h5 Kh7 43. Nf5 Bd4 44. Rd7+ Kg8 45. h6 Rg1+ 46. Kf3 Rh1 47. Rg7+ Kf8 48. h7 1-0


[Site "https://www.chess.com"]

[Event "Titled Tuesday Blitz April 12 Early 2022"]
[White "Seul, Georg"]
[Black "Rostovtsev, Dmitry"]
[WhiteFideId "4601653"]
[BlackFideId "34278320"]
[WhiteElo "2548"]
[BlackElo "2702"]
[Result "1-0"]
[Round "07"]
[TimeControl "180+1"]
[Date "2022.04.13"]
[WhiteClock "0:01:28"]
[BlackClock "0:00:27"]

1. e4 e5 2. Nc3 Nf6 3. f4 d5 4. fxe5 Nxe4 5. Qf3 Nc6 6. Bb5 f5 7. d3 Nxc3 8. bxc3 Be6 9. d4 Qd7 10. Nh3 a6 11. Bd3 O-O-O 12. O-O g6 13. Nf4 Be7 14. Be3 Kb8 15. Rab1 Ka8 16. Qe2 Nb8 17. Nxe6 Qxe6 18. c4 c5 19. cxd5 Qxd5 20. Bc4 Qd7 21. d5 Rhe8 22. Rb6 Qc7 23. Rfb1 Qxe5 24. Bxa6 c4 25. Bxb7+ Ka7 26. Re6+ 1-0


[Site "https://www.chess.com"]

[Event "Titled Tuesday Blitz April 12 Early 2022"]
[White "Silvestre, Christian"]
[Black "Broca Jimenez, Fernando"]
[WhiteFideId "30956269"]
[BlackFideId "5104742"]
[WhiteElo "2452"]
[BlackElo "2062"]
[Result "1/2-1/2"]
[Round "07"]
[TimeControl "180+1"]
[Date "2022.04.13"]
[WhiteClock "0:00:18"]
[BlackClock "0:00:16"]

1. Nf3 g6 2. g3 Bg7 3. Bg2 d6 4. d4 Nf6 5. c4 O-O 6. b3 e5 7. Bb2 e4 8. Ng5 Re8 9. Nc3 Bf5 10. Nh3 Nc6 11. O-O Qd7 12. Nf4 g5 13. Nfd5 Nxd5 14. Nxd5 Ne7 15. Nxe7+ Qxe7 16. Qd2 Bg6 17. e3 c6 18. Rae1 g4 19. Rc1 Rad8 20. d5 Bxb2 21. Qxb2 c5 22. b4 b6 23. a4 Rb8 24. b5 Qe5 25. Qxe5 Rxe5 26. Ra1 f5 27. a5 Re7 28. Ra3 Reb7 29. Rfa1 Be8 30. Bf1 Kf7 31. h3 h5 32. hxg4 hxg4 33. axb6 axb6 34. Ra7 Ke7 35. Be2 Kd7 36. Kf1 Kc7 37. Ke1 Bd7 38. Kd2 Rh8 39. Ra8 Bc8 40. R1a7 Rh2 41. Ke1 Rh1+ 42. Bf1 Rh2 43. Rxb7+ Kxb7 44. Ra2 Bd7 45. Ra3 Bc8 46. Rb3 Bd7 47. Rb1 Rh8 48. Rd1 Ra8 49. Be2 Ra2 50. Rd2 Ra1+ 51. Rd1 Ra2 52. Rd2 Ra3 53. Rd1 Bc8 54. Kd2 Bd7 55. Rc1 Ra2+ 56. Rc2 Ra1 57. Rc1 Ra2+ 58. Rc2 Ra5 59. Rc3 Ra2+ 60. Rc2 1/2-1/2


[Site "https://www.chess.com"]

[Event "Titled Tuesday Blitz April 12 Early 2022"]
[White "Stribuk, Artiom"]
[Black "Piesik, Piotr"]
[WhiteFideId "13515659"]
[BlackFideId "1136194"]
[WhiteElo "2259"]
[BlackElo "2190"]
[Result "1-0"]
[Round "07"]
[TimeControl "180+1"]
[Date "2022.04.12"]
[WhiteClock "0:00:06"]
[BlackClock "0:00:16"]

1. d4 c5 2. d5 e5 3. e4 d6 4. Bb5+ Nd7 5. a4 Be7 6. Nf3 Nf6 7. Nbd2 O-O 8. c3 Ne8 9. Bd3 Bg5 10. Nxg5 Qxg5 11. O-O Qe7 12. Nc4 Nc7 13. b4 cxb4 14. cxb4 f5 15. exf5 Nf6 16. b5 e4 17. Be2 Bxf5 18. Ba3 Rad8 19. Ne3 Bg6 20. Qd4 b6 21. Rac1 Rd7 22. Rc6 Nfe8 23. Bg4 Rd8 24. Rfc1 h5 25. Bh3 Rf7 26. R1c2 Qg5 27. Be6 Nxe6 28. dxe6 Re7 29. Rc8 Rxe6 30. Bb2 Bf7 31. h4 Qxh4 32. Nf5 Qg5 33. Rxd8 Qxd8 34. Nxg7 Re5 35. Nxe8 Bxe8 36. Rc3 Bf7 37. Rg3+ Kf8 38. Qe3 Re6 39. Rg7 Rg6 40. Rxg6 Bxg6 41. Qh6+ Kf7 42. Qg7+ Ke6 43. Qxg6+ Kd5 44. Qxh5+ Kc4 45. Qe2+ Kb3 46. Bd4 Kxa4 47. Qxe4 Kxb5 48. Qd5+ Ka6 49. f4 Qh4 50. Qc4+ Kb7 51. Bf2 Qg4 52. Qd5+ Ka6 53. Qd3+ Kb7 54. g3 a5 55. Qxd6 1-0


[Site "https://www.chess.com"]

[Event "Titled Tuesday Blitz April 12 Early 2022"]
[White "Suarez Uriel, Adrian"]
[Black "Samant Aditya S"]
[WhiteFideId "22230874"]
[BlackFideId "35080580"]
[WhiteElo "2316"]
[BlackElo "1916"]
[Result "0-1"]
[Round "07"]
[TimeControl "180+1"]
[Date "2022.04.13"]
[WhiteClock "0:00:13"]
[BlackClock "0:00:09"]

1. e4 c5 2. Ne2 d6 3. g3 Nc6 4. Bg2 Nf6 5. c3 g6 6. O-O Bg7 7. d4 O-O 8. d5 Nb8 9. c4 e6 10. Nbc3 exd5 11. cxd5 Re8 12. f4 Na6 13. h3 Nc7 14. a4 b6 15. g4 Rb8 16. Ng3 a6 17. Re1 b5 18. e5 dxe5 19. fxe5 Nd7 20. e6 fxe6 21. d6 Bd4+ 22. Kh1 Nd5 23. Nxd5 exd5 24. Bxd5+ Kh8 25. Rxe8+ Qxe8 26. Bg5 Qe5 27. Qf3 Qxg5 28. Re1 Be5 29. Ne4 Qf4 30. Qxf4 Bxf4 31. g5 Be5 32. Nf6 Nxf6 33. gxf6 Bxf6 34. Re8+ Kg7 35. d7 Bb7 36. Bxb7 Rxb7 37. d8=Q Bxd8 38. Rxd8 bxa4 39. Rd2 Kf6 40. Kg2 Ke5 41. Kf3 Rb3+ 42. Ke2 c4 43. Rc2 Kd4 44. Rd2+ Kc5 45. Rc2 a3 46. bxa3 Rxa3 0-1


[Site "https://www.chess.com"]